 Dungeon Crawl Stone Soup version 0.24.0-125-gc4c63601f3 (webtiles) character file.

Game seed: 3477750268604254949, levelgen mode: deterministic

24214737 Dustman the Conqueror (level 27, 273/273 HPs)
             Began as a Ghoul Gladiator on Mar 11, 2020.
             Was the Champion of Makhleb.
             Escaped with the Orb
             ... and 15 runes on Mar 21, 2020!
             The game lasted 11:52:48 (62312 turns).

Dustman the Conqueror (Ghoul Gladiator)            Turns: 62312, Time: 11:52:49

Health: 273/273    AC: 35    Str: 37    XL:     27
Magic:  43/43      EV: 40    Int:  6    God:    Makhleb [******]
Gold:   6288       SH: 38    Dex: 20    Spells: 26/26 levels left

rFire    + + +     SeeInvis +   q - +9 double sword (slice)
rCold    + . .     Gourm    .   w - +8 large shield {reflect}
rNeg     + + +     Faith    .   I - +5 fire dragon scales "Reraol" {rF++ rC- MR+ MP+9 Int+3 Dex+3}
rPois    ∞         Spirit   .   F - +0 helmet of Experimentation {rElec rC+ Str+4}
rElec    +         Reflect  +   t - +3 cloak of Coim {rF+ MR++ Str+4 Int-2}
rCorr    .         Harm     .   H - +2 pair of gloves
MR       +++++                  Z - +2 pair of boots {Stlth+}
Stlth    +++.......             T - amulet of Generosity {RegenMP Str+7}
HPRegen  0.55/turn              j - ring of Phasing {EV+8}
MPRegen  0.53/turn              v - ring of see invisible

@: rotting
A: rotting body, claws 1, carnivore, cold resistance 1, negative energy
resistance 3, inhibited regeneration, torment resistance, unbreathing
0: Orb of Zot
}: 15/15 runes: barnacled, slimy, silver, golden, iron, obsidian, icy, bone,
abyssal, demonic, glowing, magical, fiery, dark, gossamer
a: Minor Destruction, Lesser Servant of Makhleb, Major Destruction, Greater
Servant of Makhleb, Renounce Religion


You escaped.
You worshipped Makhleb.
Makhleb was exalted by your worship.
You were not hungry.

You visited 18 branches of the dungeon, and saw 88 of its levels.
You visited Pandemonium 2 times, and saw 32 of its levels.
You visited the Abyss 1 time.
You visited 1 ziggurat, and saw 12 of its levels.
You also visited: Bailey, Gauntlet and Volcano.

You collected 10292 gold pieces.
You spent 4004 gold pieces at shops.

Inventory:

Hand Weapons
 q - a +9 double sword of slicing (weapon)
Missiles
 d - 19 throwing nets (quivered)
 S - 5 boomerangs of dispersal
 V - 42 silver javelins
Armour
 t - the +3 cloak of Coim (worn) {rF+ MR++ Str+4 Int-2}
   (You found it in a bailey)

   It affects your strength (+4).
   It affects your intelligence (-2).
   It protects you from fire.
   It affects your resistance to hostile enchantments.
 w - a +8 large shield of reflection (worn)
 F - the +0 helmet of Experimentation (worn) {rElec rC+ Str+4}
   (You bought it in a shop on level 3 of the Vaults)

   It affects your strength (+4).
   It protects you from cold.
   It insulates you from electricity.
 H - a +2 pair of gloves (worn)
 I - the +5 fire dragon scales "Reraol" (worn) {rF++ rC- MR+ MP+9 Int+3 Dex+3}
   (You took it off a spriggan berserker on level 4 of the Depths)

   It affects your intelligence (+3).
   It affects your dexterity (+3).
   It greatly protects you from fire.
   It makes you vulnerable to cold.
   It affects your resistance to hostile enchantments.
   It affects your magic capacity (+9).
 Z - a +2 pair of boots of stealth (worn)
Jewellery
 e - a +5 ring of slaying
 j - the ring of Phasing (left hand) {EV+8}
   (You took it off a deep elf demonologist on level 3 of the Elven Halls)

   [ring of evasion]

   It affects your evasion (+8).
 n - a +6 ring of intelligence
 v - a ring of see invisible (right hand)
 T - the amulet of Generosity (around neck) {RegenMP Str+7}
   (You found it in Pandemonium)

   [amulet of magic regeneration]

   It increases your magic regeneration.
   It affects your strength (+7).
Wands
 b - a wand of acid (39)
 s - a wand of scattershot (11)
 u - a wand of clouds (6)
 G - a wand of digging (9)
 Q - a wand of iceblast (60)
Scrolls
 h - 13 scrolls of teleportation
 i - 28 scrolls of remove curse
 m - 2 scrolls of magic mapping
 o - 3 scrolls of immolation
 p - 5 scrolls of blinking
 r - 10 scrolls of enchant armour
 x - a scroll of brand weapon
 C - 4 scrolls of silence
 O - 6 scrolls of fog
 R - 6 scrolls of identify
Potions
 g - 16 potions of curing
 k - 20 potions of heal wounds
 z - 6 potions of flight
 D - 6 potions of resistance
 U - 5 potions of invisibility
 W - 4 potions of cancellation
Miscellaneous
 a - a phial of floods
 y - a lightning rod (4/4)
 E - a figurine of a ziggurat
 K - a fan of gales
 M - a lamp of fire
 X - 2 sacks of spiders
 Y - 6 boxes of beasts
Comestibles
 f - 80 rations


   Skills:
 O Level 27 Fighting
 + Level 26.9 Long Blades
 - Level 4.0 Throwing
 + Level 21.4 Armour
 + Level 26.9 Dodging
 - Level 20.0 Stealth
 + Level 26.9 Shields
 - Level 4.0 Invocations
 - Level 16.0 Evocations


You had 26 spell levels left.
You didn't know any spells.
Your spell library contained the following spells:

 Spells                   Type           Power        Failure   Level  Hunger
 Animate Skeleton         Necr           N/A          58%         1    ##.....
 Apportation              Tloc           #.....       58%         1    ##.....
 Confusing Touch          Hex            #.....       58%         1    ##.....
 Corona                   Hex            #......      58%         1    ##.....
 Flame Tongue             Conj/Fire      #....        58%         1    ##.....
 Freeze                   Ice            #...         58%         1    ##.....
 Infusion                 Chrm           #...         58%         1    ##.....
 Magic Dart               Conj           #...         58%         1    ##.....
 Pain                     Necr           #...         58%         1    ##.....
 Shock                    Conj/Air       #...         58%         1    ##.....
 Sting                    Conj/Pois      #...         58%         1    ##.....
 Summon Butterflies       Summ           #.......     58%         1    ##.....
 Summon Small Mammal      Summ           #...         58%         1    ##.....
 Blink                    Tloc           N/A          73%         2    ###....
 Call Imp                 Summ           #.......     73%         2    ###....
 Corpse Rot               Necr           N/A          73%         2    ###....
 Ensorcelled Hibernation  Hex/Ice        #.....       73%         2    ###....
 Passwall                 Tmut/Erth      #.......     73%         2    ###....
 Poisonous Vapours        Pois/Air       #.....       73%         2    ###....
 Searing Ray              Conj           #.....       73%         2    ###....
 Shroud of Golubria       Chrm/Tloc      #.....       73%         2    ###....
 Slow                     Hex            #.......     73%         2    ###....
 Song of Slaying          Chrm           #.......     73%         2    ###....
 Sticks to Snakes         Tmut           #.......     73%         2    ###....
 Swiftness                Chrm/Air       #.......     73%         2    ###....
 Throw Flame              Conj/Fire      #.....       73%         2    ###....
 Throw Frost              Conj/Ice       #.....       73%         2    ###....
 Call Canine Familiar     Summ           #.......     91%         3    ####...
 Confuse                  Hex            #.......     91%         3    ####...
 Conjure Flame            Conj/Fire      #.......     91%         3    ####...
 Dazzling Spray           Conj/Hex       #.....       91%         3    ####...
 Gell's Gravitas          Tloc           #.........   91%         3    ####...
 Ignite Poison            Fire/Tmut/Pois #.......     91%         3    ####...
 Inner Flame              Hex/Fire       #.......     91%         3    ####...
 Lesser Beckoning         Tloc           #.........   91%         3    ####...
 Mephitic Cloud           Conj/Pois/Air  #.......     91%         3    ####...
 Ozocubu's Armour         Chrm/Ice       #.......     91%         3    ####...
 Portal Projectile        Hex/Tloc       #.....       91%         3    ####...
 Recall                   Summ/Tloc      N/A          91%         3    ####...
 Regeneration             Chrm/Necr      #.........   91%         3    ####...
 Spectral Weapon          Hex/Chrm       #.......     91%         3    ####...
 Static Discharge         Conj/Air       #.......     91%         3    ####...
 Stone Arrow              Conj/Erth      #.....       91%         3    ####...
 Summon Guardian Golem    Hex/Summ       #.......     91%         3    ####...
 Teleport Other           Tloc           #.......     91%         3    ####...
 Tukima's Dance           Hex            #.......     91%         3    ####...
 Vampiric Draining        Necr           #.........   91%         3    ####...
 Airstrike                Air            #.........   100%        4    #####..
 Cause Fear               Hex            #.........   100%        4    #####..
 Force Lance              Conj/Tloc      #.......     100%        4    #####..
 Fulminant Prism          Conj/Hex       #.........   100%        4    #####..
 Iskenderun's Mystic Bla  Conj           #.......     100%        4    #####..
 Leda's Liquefaction      Hex/Erth       #.........   100%        4    #####..
 Olgreb's Toxic Radiance  Pois           #.......     100%        4    #####..
 Petrify                  Tmut/Erth      #.......     100%        4    #####..
 Sticky Flame             Conj/Fire      #.......     100%        4    #####..
 Summon Ice Beast         Ice/Summ       #.......     100%        4    #####..
 Summon Lightning Spire   Summ/Air       #.......     100%        4    #####..
 Throw Icicle             Conj/Ice       #.......     100%        4    #####..
 Agony                    Necr           #.......     100%        5    ######.
 Alistair's Intoxication  Tmut/Pois      #.......     100%        5    ######.
 Aura of Abjuration       Summ           #.........   100%        5    ######.
 Bolt of Draining         Conj/Necr      #.........   100%        5    ######.
 Bolt of Magma            Conj/Fire/Erth #.........   100%        5    ######.
 Borgnjor's Vile Clutch   Necr/Erth      #.........   100%        5    ######.
 Excruciating Wounds      Chrm/Necr      #.........   100%        5    ######.
 Fireball                 Conj/Fire      #.........   100%        5    ######.
 Irradiate                Conj/Tmut      #.........   100%        5    ######.
 Iskenderun's Battlesphe  Conj/Chrm      #.......     100%        5    ######.
 Lee's Rapid Deconstruct  Erth           #.........   100%        5    ######.
 Lightning Bolt           Conj/Air       #.........   100%        5    ######.
 Metabolic Englaciation   Hex/Ice        #.........   100%        5    ######.
 Silence                  Hex/Air        #.........   100%        5    ######.
 Summon Demon             Summ           #.........   100%        5    ######.
 Summon Forest            Summ/Tloc      #.........   100%        5    ######.
 Summon Mana Viper        Hex/Summ       #.......     100%        5    ######.
 Venom Bolt               Conj/Pois      #.........   100%        5    ######.
 Yara's Violent Unravell  Hex/Tmut       #.........   100%        5    ######.
 Bolt of Cold             Conj/Ice       #.........   100%        6    #######
 Bolt of Fire             Conj/Fire      #.........   100%        6    #######
 Conjure Ball Lightning   Conj/Air       #.........   100%        6    #######
 Darkness                 Hex            #.........   100%        6    #######
 Death Channel            Necr           #.........   100%        6    #######
 Deflect Missiles         Chrm/Air       #.........   100%        6    #######
 Freezing Cloud           Conj/Ice/Air   #.........   100%        6    #######
 Invisibility             Hex            #.......     100%        6    #######
 Iron Shot                Conj/Erth      #.........   100%        6    #######
 Ozocubu's Refrigeration  Ice            #.........   100%        6    #######
 Shadow Creatures         Summ           N/A          100%        6    #######
 Simulacrum               Ice/Necr       #.........   100%        6    #######
 Haunt                    Necr/Summ      #.........   100%        7    #######
 Malign Gateway           Summ/Tloc      #.........   100%        7    #######
 Orb of Destruction       Conj           #.........   100%        7    #######
 Ring of Flames           Chrm/Fire      #.........   100%        7    #######
 Spellforged Servitor     Conj/Summ      #.........   100%        7    #######
 Summon Hydra             Summ           #.........   100%        7    #######
 Discord                  Hex            #.........   100%        8    #######
 Disjunction              Tloc           #.........   100%        8    #######
 Ignition                 Fire           #.........   100%        8    #######
 Dragon's Call            Summ           #.........   100%        9    #######
 Shatter                  Erth           #.........   100%        9    #######
 Tornado                  Air            #.........   100%        9    #######
 Beastly Appendage        Tmut           Unusable     N/A         1    N/A
 Sublimation of Blood     Necr           Unusable     N/A         2    N/A
 Spider Form              Tmut/Pois      Unusable     N/A         3    N/A
 Ice Form                 Ice/Tmut       Unusable     N/A         4    N/A
 Passage of Golubria      Tloc           Unusable     N/A         4    N/A
 Blade Hands              Tmut           Unusable     N/A         5    N/A
 Hydra Form               Tmut           Unusable     N/A         6    N/A
 Statue Form              Tmut/Erth      Unusable     N/A         6    N/A
 Dragon Form              Tmut           Unusable     N/A         7    N/A

Dungeon Overview and Level Annotations

Branches:
Dungeon (15/15)            Temple (1/1) D:4            Lair (6/6) D:9
 Shoals (4/4) Lair:3       Spider (4/4) Lair:4        Slime (5/5) Lair:5
    Orc (2/2) D:12            Elf (3/3) Orc:2        Vaults (5/5) D:13
  Crypt (3/3) Vaults:3       Tomb (3/3) Crypt:3      Depths (5/5) D:15
   Hell (visited)             Dis (7/7) Hell            Geh (7/7) Hell
    Coc (7/7) Hell            Tar (7/7) Hell            Zot (5/5) Depths:5
 Bailey (visited)         Volcano (visited)         Gauntlet (visited)

Altars:
Ashenzari
Cheibriados
Dithmenos
Elyvilon
Fedhas
Gozag
Hepliaklqana
Kikubaaqudgha
Makhleb
Nemelex Xobeh
Okawaru
Qazlal
Ru
Trog
Uskayaw
Vehumet
Wu Jian
Xom
Yredelemnul
Zin
The Shining One
Jiyva

Shops:
D:12 %   D:13 *   Orc:2 !(=!   Elf:1 (   Shoals:4 ?   Vaults:2 ?   Vaults:3 [
Depths:3 *

Portals:
Hell: Depths:1 Depths:2 Depths:3 Depths:4 Depths:5
Abyss: Depths:2 Depths:4
Pandemonium: Depths:3

Annotations:
Elf:1 1 runed translucent door, Ynkusivo's ghost, adept SpEn
Crypt:2 3 runed translucent doors, Esecs's ghost, veteran GrEE
Dis:7 2 runed doors, Dispater
Coc:7 exclusion: ice statue


Innate Abilities, Weirdness & Mutations

Your body is rotting away.
You thrive on raw meat.
You are immune to poison.
You have sharp fingernails.
You are carnivorous and can eat meat at any time.
Your flesh is cold resistant. (rC+)
You are immune to negative energy. (rN+++)
You do not regenerate when monsters are visible.
You are immune to unholy pain and torment.
You can survive without breathing.


Message History

Aiming: Iceblast
Press: ? - help, Shift-Dir - straight line, f - red devil
Aim: a red devil, wielding a +0 trident The mass of ice explodes!
The iceblast engulfs the red devil!!!
The red devil is frozen!
You kill the red devil!
Makhleb accepts your kill.
You are a level 27 Ghoul Gladiator.
I'm sorry, level 27 is as high as you can go.
With the way you've been playing, I'm surprised you got this far.
Play time: 11:52:41 (62310 turns) Unknown command.
What are your orders? t - Shout!
Orders for allies: a - Attack new target. r - Retreat! s - Stop attacking. g - Guard the area. f - Follow me.
Anything else - Cancel.
You shout for attention!
You have escaped!

.#### #..## .....# ###.###
.# ####.########### #.# .#
#......[)...# #.#
.#####.##...####.# #.#
....##.##...###..### #.# .
#.##.##..........######.#
#.##.###..#.............#
###.##.###..#.......#######
...........)....@....#
###..########.......## #
#s.# #.......# ###.s#
##.....## ÷....# ##..###
####X##########.## ##
#..÷.........# .#
#..#####.##### .#
#.....##.#


There were no monsters in sight!

Vanquished Creatures
  Cerebov (Pan)
  Antaeus (Coc:7)
  Asmodeus (Geh:7)
  the Royal Jelly (Slime:5)
  Gloorx Vloq (Pan)
  the Serpent of Hell (Dis:7)
  Lom Lobon (Pan)
  Mnoleg (Pan)
  6 orbs of fire (Zot:5)
  11 ancient liches
  A juggernaut (Zig:10)
  Mara (Tomb:3)
  14 pandemonium lords
  19 greater mummies
  Sojobo (Vaults:4)
  5 Killer Klowns
  A shard shrike (Coc:2)
  3 curse toes
  Geryon (Hell)
  10 caustic shrikes (Depths:4)
  3 golden dragons
  Jory (Vaults:4)
  8 bone dragons
  2 profane servitors (Crypt:3)
  Arachne (Spider:2)
  The ghost of Vypiut the Warrior, a veteran GrFi of Okawaru (Depths:2)
  19 Brimstone Fiends
  23 Tzitzimimeh
  4 iron giants
  2 electric golems (Zot:5)
  4 hellephants
  9 tentacled monstrosities
  9 doom hounds
  17 Ice Fiends
  Jorgrun (Shoals:2)
  20 liches
  17 Hell Sentinels
  30 Orb Guardians
  28 acid blobs
  2 deep elf master archers
  3 titans (Vaults:5)
  8 quicksilver dragons
  4 deep elf blademasters
  24 Executioners
  3 death cobs
  2 eldritch tentacles
  Gastronok (D:9)
  17 ancient champions
  9 sphinxes
  Kirke (D:15)
  12 shadow dragons
  5 draconian monks
  4 revenants
  8 storm dragons
  Donald (Spider:3)
  17 fire giants
  A daeva (Pan)
  9 tengu reavers
  10 azure jellies
  15 iron dragons
  14 vault wardens
  13 blood saints
  37 balrugs
  A draconian knight (Zot:5)
  2 draconian scorchers
  18 frost giants
  4 ghost moths
  11 deep elf sorcerers
  3 draconian stormcallers
  8 curse skulls
  25 cacodemons
  4 orc warlords
  5 deep elf elementalists
  13 ghouls
  6 draconian annihilators
  14 warmongers (Pan)
  5 draconian shifters
  An angel (D:15)
  A caustic shrike skeleton (Crypt:2)
  74 reapers
  14 war gargoyles
  19 ironheart preservers
  5 emperor scorpions
  5 spriggan defenders
  26 stone giants
  4 entropy weavers
  A starcursed mass (Abyss:1)
  25 very ugly things
  7 white draconians
  5 green draconians
  7 black suns
  4 vampire knights
  16 bennus
  A spark wasp (Depths:2)
  10 lorocyprocas
  7 yellow draconians
  11 deep elf demonologists
  3 black draconians
  2 purple draconians (Zot:5)
  11 corrupters (Pan)
  6 red draconians
  12 green deaths
  A minotaur (Gauntlet)
  A dire elephant (Gauntlet)
  13 deep elf annihilators
  10 deep elf death magi
  16 ettins
  10 eidola
  18 mummy priests
  13 death oozes
  The ghost of Deesahac the Severer, a journeyman BaFi of Cheibriados (Lair:3)
  19 blizzard demons
  Josephine (Lair:4)
  8 quicksilver dragon zombies
  2 merfolk javelineers
  8 great orbs of eyes
  7 merfolk impalers
  A jiangshi (Crypt:2)
  14 fire dragons
  9 deep elf high priests
  A naga warrior (Abyss:3)
  16 yaktaur captains
  5 rakshasas
  10 monstrous demonspawn
  17 ice dragons
  2 quicksilver dragon skeletons
  3 hell beasts
  4 hydras
  7 spriggan air magi
  2 ghost crabs
  5 merfolk aquamancers (Shoals:4)
  11 centaur warriors
  A juggernaut simulacrum (Pan)
  30 vault guards
  6 death knights
  4 satyrs
  8 death yaks
  51 two-headed ogres
  An alligator snapping turtle (Shoals:4)
  3 catoblepae
  29 dancing weapons
  A queen ant (Spider:1)
  74 death scarabs
  17 ogre magi
  32 hell hogs
  2 holy swine (Pan)
  4 deep troll shamans
  An orc high priest (Zig:10)
  4 vampire magi
  6 deep troll earth magi
  10 spriggan berserkers (Depths:4)
  14 tengu warriors
  2 naga sharpshooters (Zig:11)
  Urug (Lair:5)
  5 small abominations
  7 storm dragon zombies
  2 thrashing horrors (Abyss:3)
  57 sun demons
  6 titan zombies
  29 deep elf knights
  2 iron golems (Dis:2)
  50 soul eaters
  48 hell knights
  5 wretched stars (Abyss:3)
  A fire crab (shapeshifter) (Vaults:5)
  3 titan skeletons
  A death drake (shapeshifter) (Vaults:2)
  9 shadow wraiths
  30 sixfirhies
  11 infernal demonspawn (Pan)
  A storm dragon skeleton (Vaults:4)
  A death drake (Tar:2)
  121 skeletal warriors
  11 anaconda zombies
  10 sea snakes
  8 unseen horrors
  A ghost moth zombie (Dis:5)
  9 gelid demonspawn (Pan)
  12 torturous demonspawn (Pan)
  2 quicksilver dragon simulacra (Depths:4)
  An iron troll (Depths:3)
  2 golden dragon zombies
  6 orange crystal statues
  A cherub (Pan)
  28 deep trolls
  13 flayed ghosts
  16 ironbrand convokers
  5 glowing orange brains
  3 obsidian statues
  6 harpies
  6 anaconda skeletons
  8 shadow dragon zombies
  12 orb spiders
  2 golden dragon skeletons
  2 lindwurms (Volcano)
  17 deep elf archers
  A swamp dragon (Zig:2)
  31 shadow demons
  9 wizards
  3 wolf spider zombies
  40 phantasmal warriors
  20 necromancers
  6 shining eyes
  6 iron dragon zombies
  6 stone giant zombies
  6 orc sorcerers
  41 wolf spiders
  A faun (Shoals:3)
  2 shadow dragon skeletons
  20 orc knights
  9 frost giant zombies
  7 manticores
  52 ugly things
  94 deep elf magi
  8 cyclopes
  7 elephants (Gauntlet)
  4 frost giant skeletons
  3 human skeletons
  2 iron dragon skeletons
  3 fire giant skeletons
  10 merfolk sirens
  5 fire giant zombies
  6 stone giant skeletons
  4 dire elephant zombies
  An apocalypse crab (Abyss:4)
  9 moths of wrath
  4 shock serpent zombies
  5 ice statues
  An elephant (shapeshifter) (Zig:5)
  A toenail golem (Volcano)
  8 vault sentinels
  An eye of devastation (shapeshifter) (Vaults:4)
  A guardian serpent (Abyss:3)
  49 rust devils
  Joseph (Lair:1)
  7 water nymphs
  A guardian serpent (shapeshifter) (Vaults:1)
  10 molten gargoyles
  A water nymph (shapeshifter) (Depths:1)
  3 black mambas
  2 eyes of devastation
  4 dire elephant skeletons
  An emperor scorpion zombie (Tomb:1)
  3 gargoyles
  2 shock serpent skeletons
  A storm dragon simulacrum (Vaults:4)
  11 spiny frogs
  23 orange demons
  7 torpor snails
  A centaur skeleton (D:14)
  4 spectral swamp worms (Tar:7)
  A pale draconian zombie (Crypt:1)
  A minotaur zombie (Dis:5)
  43 smoke demons
  3 elf zombies
  3 spiny frogs (shapeshifter)
  4 rime drakes
  2 catoblepas zombies
  5 komodo dragons
  17 efreet
  2 komodo dragons (shapeshifter) (Vaults:1)
  A yaktaur (shapeshifter) (Zig:5)
  32 yaktaurs
  36 tormentors
  31 hellions
  A kobold demonologist (D:10)
  A spark wasp simulacrum (Depths:3)
  42 guardian mummies
  33 freezing wraiths
  2 anaconda simulacra
  18 demonic crawlers
  44 ice devils
  17 hellwings
  8 tengu conjurers
  2 yaktaur skeletons
  An ancient zyme (Abyss:1)
  A ghost moth simulacrum (Coc:7)
  13 hydra zombies
  3 harpy zombies
  17 merfolk
  42 red devils
  A jumping spider (shapeshifter) (Elf:3)
  A silent spectre (Tar:6)
  5 meliai (Abyss:3)
  19 hornets
  9 polar bears
  37 jumping spiders
  A queen bee (Abyss:3)
  A sphinx simulacrum (Vaults:3)
  A tengu simulacrum (Depths:3)
  4 hydra skeletons
  A polar bear (shapeshifter) (Vaults:4)
  A blink frog (Abyss:3)
  9 trolls
  5 wind drakes
  A wind drake (shapeshifter) (Vaults:4)
  A dream sheep (shapeshifter) (Vaults:5)
  2 spectral guardian serpents (Crypt:2)
  5 fire dragon zombies
  2 harpy skeletons
  2 bog bodies (Crypt:2)
  95 slime creatures
  A guardian serpent zombie (Crypt:1)
  A blink frog (shapeshifter) (Depths:1)
  11 raiju (Abyss:3)
  A raiju (shapeshifter) (Depths:1)
  8 alligator zombies
  6 hippogriffs
  11 ettin zombies
  9 ice dragon zombies
  A frost giant simulacrum (Vaults:2)
  9 snapping turtles
  7 ettin skeletons
  A snapping turtle (shapeshifter) (Vaults:5)
  A black mamba zombie (Dis:5)
  95 flying skulls
  A centaur simulacrum (D:14)
  A dire elephant simulacrum (Hell)
  63 redbacks
  Sigmund (D:4)
  3 air elementals
  2 tarantellas (shapeshifter) (Vaults:1)
  A tarantella zombie (Crypt:2)
  6 spriggans
  37 wraiths
  27 ynoxinuls
  3 ice dragon skeletons
  20 shadows
  22 water elementals
  Eustachio (D:4)
  4 fire dragon skeletons
  31 tarantellas
  3 vampires
  A black mamba skeleton (Coc:7)
  3 alligator skeletons
  4 fire bats
  3 wyverns
  57 yaks
  9 basilisks
  27 large abominations
  29 fire elementals
  6 ushabtiu
  7 golden eyes
  2 yaks (shapeshifter)
  2 hogs (D:15)
  A golden eye (shapeshifter) (Depths:3)
  28 neqoxecs
  9 vampire mosquitoes
  21 chaos spawn
  4 hungry ghosts
  2 insubstantial wisps
  25 wargs
  3 spatial vortices
  2 wargs (shapeshifter)
  A merfolk zombie (Dis:6)
  A naga (Abyss:3)
  2 acid dragons
  A deep troll zombie (Vaults:5)
  A water moccasin (shapeshifter) (Depths:1)
  5 spiny frog zombies
  A hydra simulacrum (Lair:3)
  24 soldier ants (Spider:1)
  An infernal demonspawn skeleton (Crypt:2)
  5 water moccasins
  A monstrous demonspawn zombie (Dis:7)
  A gelid demonspawn skeleton (Geh:7)
  47 hell hounds
  8 porcupines
  10 ice beasts
  3 black bears
  41 orc warriors
  2 sky beasts
  3 snapping turtle zombies (Crypt:3)
  A hornet zombie (D:8)
  2 ettin simulacra (Depths:4)
  A manticore zombie (Geh:5)
  4 spiny frog skeletons
  A black bear (shapeshifter) (Depths:1)
  7 eyes of draining
  A swamp dragon zombie (Tar:7)
  A black mamba simulacrum (Lair:3)
  36 necrophages
  8 phantoms
  16 wolves
  66 ogres
  14 boggarts
  A centaur (shapeshifter) (Vaults:4)
  17 centaurs
  4 snapping turtle skeletons
  A manticore skeleton (Geh:7)
  24 big kobolds
  11 crocodiles
  A swamp dragon skeleton (Geh:7)
  19 bullfrogs
  An elf skeleton (Geh:6)
  2 glowing shapeshifter simulacra
  A water moccasin zombie (D:6)
  8 earth elementals
  A spiny frog simulacrum (Lair:3)
  6 scorpions
  10 wyvern skeletons (Crypt:3)
  4 human simulacra
  A blink frog simulacrum (Lair:3)
  An elephant simulacrum (Lair:3)
  An elf simulacrum (Vaults:5)
  8 killer bees
  52 wights
  4 howler monkeys
  An electric eel (Spider:3)
  8 crimson imps
  2 bullfrog zombies
  5 hounds
  3 centaur zombies
  2 quasits
  A soldier ant zombie (Crypt:2)
  23 orc priests
  12 jellies
  A water moccasin simulacrum (Lair:3)
  18 iron imps
  A basilisk skeleton (Crypt:1)
  29 worker ants
  2 iguanas
  21 orc wizards
  A demonspawn skeleton (Crypt:2)
  8 hell rats
  A spriggan simulacrum (Tomb:1)
  3 ogre zombies
  A tengu zombie (Crypt:3)
  A tengu skeleton (Tar:6)
  A hound zombie (D:6)
  A naga skeleton (Tar:5)
  37 mummies
  3 worker ant zombies
  2 howler monkey zombies
  7 adders
  7 gnolls
  A crocodile simulacrum (Lair:3)
  8 shadow imps
  17 white imps
  An ooze (D:1)
  An adder zombie (D:5)
  2 worms
  2 dart slugs
  4 leopard geckos
  125 orcs
  6 bats
  10 giant cockroaches
  6 goblins
  2 hobgoblins
  18 jackals
  24 kobolds
  3 quokkas
  2 frilled lizards
  A kobold zombie (Crypt:1)
  2 leopard gecko skeletons
  An orc zombie (Dis:7)
  2 quokka skeletons
  2 quokka zombies
  5 rats
  4 crawling corpses
  A fire vortex (Geh:7)
  A fungus (Lair:6)
  A lurking horror (Abyss:3)
  2 withered plants (Crypt:3)
4782 creatures vanquished.

Vanquished Creatures (collateral kills)
  Ereshkigal (Tar:7)
  A lich (Depths:1)
  A blizzard demon (Depths:1)
  A death ooze (Slime:5)
  2 dancing weapons (Elf:2)
  A sun demon (Hell)
  3 jumping spiders
  An orc warrior (Vaults:4)
  An orc (D:12)
12 creatures vanquished.

Vanquished Creatures (others)
  Asterion (Spider:3)
  3 deep elf master archers
  An eldritch tentacle (Coc:7)
  A shadow dragon (Vaults:5)
  An elemental wellspring (Coc:7)
  A warmonger (Pan)
  A draconian stormcaller (Zig:12)
  A vampire knight (Depths:5)
  A spark wasp (Spider:3)
  A mummy priest (Tomb:3)
  A blizzard demon (Pan)
  3 yaktaur captains
  A monstrous demonspawn (Pan)
  A centaur warrior (Vaults:2)
  A juggernaut simulacrum (Pan)
  A merfolk aquamancer (Shoals:4)
  2 satyrs (Zig:11)
  A two-headed ogre (Vaults:4)
  A dancing weapon (Elf:2)
  5 death scarabs (Tomb:2)
  A tengu warrior (Depths:4)
  A naga sharpshooter (Zig:11)
  2 deep elf knights
  A hell knight (Depths:3)
  3 deep elf archers
  2 necromancers
  2 deep elf magi
  2 cyclopes
  3 fauns
  A rust devil (Dis:7)
  A smoke demon (Pan)
  10 yaktaurs
  A tormentor (Geh:6)
  A guardian mummy (Tomb:2)
  A red devil (Pan)
  2 hellwings (Pan)
  A hornet (Depths:5)
  A hydra skeleton (Coc:7)
  A slime creature (Slime:5)
  3 flying skulls
  A shadow (Geh:2)
  A water elemental (Coc:7)
  A ynoxinul (Pan)
  2 humans (D:15)
  3 orc warriors (D:12)
  2 necrophages
  3 ogres
  A boggart (Depths:1)
  A small abomination (Depths:1)
  3 centaurs
  A wight (Geh:5)
  An orc wizard (Orc:2)
  4 hell rats (Hell)
  3 mummies
  2 shadow imps
  14 ball lightnings (Pan)
  3 orcs
  13 fungi
  10 plants
  11 withered plants
149 creatures vanquished.

Grand Total: 4943 creatures vanquished

Notes
Turn   | Place    | Note
-------+----------+-------------------------------------------
     0 | D:1      | Dustman the Ghoul Gladiator began the quest for the Orb.
     0 | D:1      | Reached XP level 1. HP: 17/17 MP: 0/0
    35 | D:1      | Reached XP level 2. HP: 23/25 MP: 1/1
   162 | D:1      | Reached XP level 3. HP: 18/30 MP: 2/2
   340 | D:2      | Reached skill level 1 in Armour
   340 | D:2      | Reached XP level 4. HP: 30/37 MP: 3/3
   526 | D:3      | Reached skill level 3 in Fighting
   931 | D:3      | Reached XP level 5. HP: 34/45 MP: 4/4
  1107 | D:4      | Noticed Sigmund
  1109 | D:4      | Killed Sigmund
  1109 | D:4      | Reached XP level 6. HP: 52/52 MP: 5/5
  1126 | D:4      | Reached skill level 4 in Fighting
  1126 | D:4      | Reached XP level 7. HP: 33/59 MP: 6/6
  1131 | D:4      | Reached skill level 5 in Long Blades
  1254 | D:5      | Entered Level 5 of the Dungeon
  1397 | D:4      | Noticed Eustachio
  1619 | D:6      | Found a snail-covered altar of Cheibriados.
  1631 | D:6      | Reached XP level 8. HP: 28/67 MP: 7/7
  1765 | D:6      | Reached skill level 5 in Fighting
  1816 | D:5      | You fall into a shaft and drop 1 floor!
  2203 | D:4      | Killed Eustachio
  2203 | D:4      | Reached skill level 5 in Dodging
  2488 | D:7      | Found a hazy altar of Hepliaklqana.
  2646 | D:7      | Reached XP level 9. HP: 62/75 MP: 8/8
  2806 | D:7      | Reached skill level 1 in Shields
  3107 | D:6      | Reached skill level 6 in Fighting
  3695 | D:5      | Found an ancient bone altar of Kikubaaqudgha.
  3900 | D:4      | Found a staircase to the Ecumenical Temple.
  3909 | Temple   | Entered the Ecumenical Temple
  4016 | Temple   | Became a worshipper of Makhleb the Destroyer
  4113 | D:4      | You fall into a shaft and drop 2 floors!
  4211 | D:8      | Noticed a centaur warrior
  4279 | D:8      | Killed a centaur warrior
  4279 | D:8      | Reached skill level 7 in Fighting
  4279 | D:8      | Reached skill level 5 in Armour
  4279 | D:8      | Reached XP level 10. HP: 23/86 MP: 9/9
  4399 | D:8      | Noticed a brown ugly thing
  4478 | D:8      | Found a flagged portal.
  4543 | Bailey   | Entered a bailey
  4551 | Bailey   | Noticed an orc knight
  4599 | Bailey   | Reached * piety under Makhleb
  4668 | Bailey   | Killed an orc knight
  4834 | Bailey   | Got a transparent cloak
  4867 | Bailey   | Reached skill level 8 in Fighting
  4924 | Bailey   | Identified the +3 cloak of Coim {rF+ MR++ Str+4 Int-2} (You
                  | found it in a bailey)
  5151 | D:9      | Noticed a two-headed ogre
  5178 | D:9      | Reached skill level 5 in Shields
  5180 | D:9      | Noticed a deep elf mage
  5182 | D:9      | Killed a two-headed ogre
  5185 | D:9      | Reached ** piety under Makhleb
  5196 | D:9      | Killed a deep elf mage
  5209 | D:9      | Reached skill level 9 in Fighting
  5260 | D:9      | Reached XP level 11. HP: 96/96 MP: 10/10
  5447 | D:9      | Noticed Gastronok
  5482 | D:9      | Killed Gastronok
  5684 | D:9      | Found a bloodstained altar of Trog.
  5709 | D:9      | Noticed a purple ugly thing
  5723 | D:9      | Killed a purple ugly thing
  5723 | D:9      | Reached skill level 10 in Long Blades
  5784 | D:10     | Entered Level 10 of the Dungeon
  5858 | D:10     | Reached skill level 10 in Fighting
  5887 | D:10     | Noticed a soul eater
  5888 | D:10     | Noticed a sixfirhy
  6040 | D:11     | Reached *** piety under Makhleb
  6220 | D:11     | Noticed a cyclops
  6273 | D:10     | Reached XP level 12. HP: 106/107 MP: 7/11
  6551 | D:11     | Found a shimmering altar of Xom.
  6552 | D:11     | Found a shimmering altar of Xom.
  6553 | D:11     | Found a shimmering altar of Xom.
  6554 | D:11     | Found a shimmering altar of Xom.
  6555 | D:11     | Found a shimmering altar of Xom.
  6564 | D:11     | Found a shimmering altar of Xom.
  6839 | D:12     | Got a bronze plate armour
  6992 | D:9      | Reached **** piety under Makhleb
  7058 | D:9      | Found a staircase to the Lair.
  7098 | D:9      | Identified the +10 plate armour "Piolotz" {rF+ rC++ Dex+2
                  | Slay-6} (You found it on level 12 of the Dungeon)
  7126 | Lair:1   | Entered Level 1 of the Lair of Beasts
  7287 | Lair:1   | Reached skill level 11 in Fighting
  7301 | Lair:1   | Noticed Joseph
  7327 | Lair:1   | Killed Joseph
  7616 | Lair:2   | Noticed a six-headed hydra
  7726 | Lair:2   | Found a gate leading to a gauntlet.
  7735 | Gauntlet | Entered a Gauntlet
  7735 | Gauntlet | Found a transporter.
  7746 | Gauntlet | Found a transporter.
  7748 | Gauntlet | Found a transporter.
  7764 | Gauntlet | Found a transporter.
  7765 | Gauntlet | Found a transporter.
  7837 | Gauntlet | Found a transporter.
  7865 | Gauntlet | Found a transporter.
  7874 | Gauntlet | Noticed a hell beast
  7890 | Gauntlet | Reached XP level 13. HP: 81/113 MP: 7/12
  7946 | Gauntlet | Found a runed translucent gate.
  7946 | Gauntlet | Found a runed translucent gate.
  7946 | Gauntlet | Found a runed translucent gate.
  7962 | Gauntlet | Noticed a dire elephant
  7963 | Gauntlet | Found a transporter.
  7973 | Gauntlet | Killed a dire elephant
  8003 | Gauntlet | Found a transporter.
  8004 | Gauntlet | Found a transporter.
  8013 | Gauntlet | Found a transporter.
  8043 | Gauntlet | Noticed a minotaur
  8059 | Gauntlet | Killed a minotaur
  8085 | Gauntlet | Got a jewelled trident
  8085 | Gauntlet | Got a spiked leather armour
  8088 | Gauntlet | Got a faintly glowing broad axe
  8088 | Gauntlet | Got a fine scale mail
  8189 | Lair:3   | Found a runed translucent gate.
  8189 | Lair:3   | Found a runed translucent gate.
  8189 | Lair:3   | Found a runed translucent gate.
  8222 | Lair:3   | Noticed an ice dragon
  8225 | Lair:3   | Noticed Deesahac's ghost (journeyman BaFi)
  8276 | Lair:4   | Reached ***** piety under Makhleb
  8368 | Lair:4   | Identified the +1 trident "Fugec" {pierce, +Blink} (You
                  | found it in a Gauntlet)
  8369 | Lair:4   | Identified the +10 broad axe "Difin" {flame, Int+2 Dex+3}
                  | (You found it in a Gauntlet)
  8390 | Lair:4   | Identified the +0 leather armour of Fortification {rF+
                  | Str+2 Int+4} (You found it in a Gauntlet)
  8400 | Lair:4   | Identified the +1 scale mail of Tomorrow {Stlth+} (You
                  | found it in a Gauntlet)
  8441 | Lair:5   | Found a staircase to the Slime Pits.
  8442 | Lair:5   | Found a viscous altar of Jiyva.
  8639 | Lair:6   | Entered Level 6 of the Lair of Beasts
  8809 | Lair:6   | Found a dark tunnel.
  8828 | Volcano  | Entered a volcano
  8853 | Volcano  | Reached skill level 12 in Fighting
  9425 | Lair:6   | Reached XP level 14. HP: 120/126 MP: 11/13
  9554 | Lair:5   | Noticed Urug
  9581 | Lair:5   | Killed Urug
  9722 | Lair:4   | Noticed Josephine
  9739 | Lair:4   | Killed Josephine
  9790 | Lair:4   | Reached skill level 10 in Shields
 10057 | Lair:3   | Killed Deesahac's ghost
 10094 | Lair:3   | Reached skill level 13 in Fighting
 10099 | Lair:3   | Got the ring "Etihuas" {Fire}
 10119 | Lair:3   | Identified the ring "Etihuas" {Fire Str+4} (You found it on
                  | level 3 of the Lair of Beasts)
 10361 | Lair:4   | Reached ****** piety under Makhleb
 10378 | Lair:4   | Found a hole to the Spider Nest.
 10416 | Spider:1 | Entered Level 1 of the Spider Nest
 10592 | Spider:1 | Reached skill level 1 in Evocations
 10885 | Spider:1 | Noticed an emperor scorpion
 10899 | Spider:2 | Noticed an entropy weaver
 10904 | Spider:2 | Reached skill level 10 in Dodging
 10916 | Spider:2 | Killed an entropy weaver
 10916 | Spider:2 | Reached skill level 10 in Armour
 10991 | Spider:2 | Reached XP level 15. HP: 136/136 MP: 10/15
 11541 | Spider:2 | You fall into a shaft and drop 1 floor!
 11647 | Spider:3 | Noticed Donald
 11922 | Spider:3 | Reached skill level 14 in Fighting
 11997 | Spider:3 | Killed Donald
 12089 | Spider:3 | Noticed Arachne
 12103 | Spider:3 | Noticed an emperor scorpion
 12148 | Spider:2 | Killed Arachne
 12193 | Spider:3 | Noticed Asterion
 12214 | Spider:3 | Killed Asterion
 12275 | Spider:4 | Entered Level 4 of the Spider Nest
 12286 | Spider:4 | Reached XP level 16. HP: 147/147 MP: 18/18
 13109 | Spider:4 | Reached skill level 15 in Fighting
 13121 | Spider:4 | Got a gossamer rune of Zot
 14204 | D:12     | Found a staircase to the Orcish Mines.
 14304 | Orc:1    | Entered Level 1 of the Orcish Mines
 14332 | Orc:1    | Reached skill level 1 in Invocations
 14370 | Orc:1    | Reached skill level 1 in Stealth
 14728 | Orc:2    | Entered Level 2 of the Orcish Mines
 14923 | Orc:2    | Reached XP level 17. HP: 156/156 MP: 16/19
 15194 | Orc:2    | Found a staircase to the Elven Halls.
 15352 | Orc:2    | Found Cietirex's Distillery.
 15352 | Orc:2    | Found Hah Haf's Jewellery Shop.
 15352 | Orc:2    | Found Wuphuh's Weapon Shop.
 15352 | Orc:2    | Found Wiubaut's Distillery.
 15430 | Orc:2    | Bought a potion of heal wounds for 50 gold pieces
 15430 | Orc:2    | Bought a potion of invisibility for 80 gold pieces
 15430 | Orc:2    | Bought a potion of cancellation for 80 gold pieces
 15431 | Orc:2    | Bought a potion of agility for 40 gold pieces
 15431 | Orc:2    | Bought a potion of resistance for 100 gold pieces
 15431 | Orc:2    | Bought a potion of cancellation for 80 gold pieces
 15431 | Orc:2    | Bought a potion of agility for 40 gold pieces
 15431 | Orc:2    | Bought a potion of might for 40 gold pieces
 15431 | Orc:2    | Lost intelligence.
 15473 | Elf:1    | Entered Level 1 of the Elven Halls
 15599 | Elf:1    | Found Obra Suusch's Weapon Shoppe.
 15992 | Elf:2    | Found a runed translucent gate.
 15995 | Elf:2    | Found a runed translucent gate.
 15995 | Elf:2    | Found a runed translucent gate.
 16088 | Elf:3    | Entered Level 3 of the Elven Halls
 16119 | Elf:3    | Noticed a deep elf blademaster
 16131 | Elf:3    | Killed a deep elf blademaster
 16502 | Elf:2    | Reached skill level 16 in Fighting
 16765 | Elf:2    | Reached XP level 18. HP: 89/166 MP: 14/20
 17466 | Elf:1    | Identified the Tome of Arcane Weapons and Creation
 17491 | Elf:1    | Found a runed translucent door.
 17492 | Elf:1    | Noticed Ynkusivo's ghost (adept SpEn)
 17772 | Elf:2    | Noticed a deep elf blademaster
 17800 | Elf:2    | Killed a deep elf blademaster
 18040 | Elf:3    | Noticed a Hell Sentinel
 18040 | Elf:3    | Noticed a deep elf master archer
 18044 | Elf:3    | Noticed a Brimstone Fiend
 18046 | Elf:3    | Noticed a deep elf master archer
 18811 | Elf:3    | Killed a deep elf master archer
 18952 | Elf:3    | Killed a deep elf master archer
 18978 | Elf:3    | Reached skill level 17 in Fighting
 18997 | Elf:3    | Noticed a Hell Sentinel
 19058 | Elf:3    | Noticed a deep elf blademaster
 19076 | Elf:3    | Killed a deep elf blademaster
 19076 | Elf:3    | Reached XP level 19. HP: 177/177 MP: 21/21
 19248 | Elf:3    | Identified Hurekh's Almanac of Unstable Summoning
 19570 | D:12     | Found Doilukli's Food Shoppe.
 19587 | D:13     | Found Wetietum's Assorted Antiques.
 19610 | D:13     | Bought a scroll of enchant armour for 270 gold pieces
 19610 | D:13     | Bought a scroll of enchant weapon for 270 gold pieces
 19610 | D:13     | Bought a potion of might for 144 gold pieces
 19707 | D:13     | Found a gate to the Vaults.
 19738 | Vaults:1 | Entered Level 1 of the Vaults
 20045 | Vaults:2 | Found Safakh's Magic Scroll Shoppe.
 20053 | Vaults:2 | Bought a scroll of acquirement for 624 gold pieces
 20053 | Vaults:2 | Bought a scroll of teleportation for 36 gold pieces
 20053 | Vaults:2 | Bought a scroll of enchant weapon for 90 gold pieces
 20053 | Vaults:2 | Bought 3 scrolls of enchant weapon for 270 gold pieces
 20053 | Vaults:2 | Bought a scroll of teleportation for 36 gold pieces
 20053 | Vaults:2 | Bought a scroll of identify for 24 gold pieces
 20053 | Vaults:2 | Bought a scroll of magic mapping for 42 gold pieces
 20274 | Vaults:3 | Found a staircase to the Crypt.
 20526 | Vaults:3 | Noticed a Brimstone Fiend
 20927 | Vaults:3 | Found Uxtoad's Antique Armour Shoppe.
 20931 | Vaults:3 | Bought an encrusted helmet for 342 gold pieces
 20931 | Vaults:3 | Identified the +0 helmet of Experimentation {rElec rC+
                  | Str+4} (You bought it in a shop on level 3 of the Vaults)
 21028 | Vaults:4 | Reached skill level 18 in Fighting
 21168 | Vaults:4 | Reached XP level 20. HP: 155/184 MP: 11/22
 21175 | Vaults:4 | Reached skill level 15 in Shields
 21553 | Vaults:4 | Noticed Jory
 21592 | Vaults:4 | Killed Jory
 22061 | Crypt:1  | Entered Level 1 of the Crypt
 22584 | Crypt:1  | Reached skill level 19 in Fighting
 22820 | Crypt:2  | Reached XP level 21. HP: 148/196 MP: 16/23
 23125 | Crypt:2  | Found a runed translucent gate.
 23126 | Crypt:2  | Found a runed translucent gate.
 23133 | Crypt:2  | Found a runed translucent gate.
 23135 | Crypt:2  | Noticed Esecs's ghost (veteran GrEE)
 23217 | Crypt:3  | Entered Level 3 of the Crypt
 23566 | Crypt:3  | Found a staircase to the Tomb.
 23783 | Crypt:3  | Reached skill level 20 in Fighting
 23783 | Crypt:3  | Reached skill level 15 in Long Blades
 23946 | Crypt:3  | Found a basalt altar of Yredelemnul.
 24009 | Crypt:3  | Noticed a bone dragon
 24025 | Crypt:3  | Killed a bone dragon
 24124 | Crypt:3  | Noticed a profane servitor
 24125 | Crypt:3  | Noticed a profane servitor
 24149 | Crypt:3  | Killed a profane servitor
 24156 | Crypt:3  | Killed a profane servitor
 24177 | Crypt:3  | Identified the Reference Book on Unholy Arts
 24506 | Crypt:2  | Reached XP level 22. HP: 208/208 MP: 22/24
 25420 | Vaults:1 | Reached skill level 21 in Fighting
 25795 | Vaults:2 | Reached skill level 22 in Fighting
 26364 | Vaults:3 | Found a bloodstained altar of Trog.
 26890 | Vaults:1 | Reached skill level 23 in Fighting
 27350 | D:15     | Entered Level 15 of the Dungeon
 27408 | D:15     | Noticed Kirke
 27424 | D:15     | Killed Kirke
 27471 | D:15     | Found a staircase to the Depths.
 27477 | D:15     | Reached XP level 23. HP: 225/225 MP: 25/25
 27490 | Depths:1 | Entered Level 1 of the Depths
 27591 | Depths:1 | Found a runed translucent gate.
 27591 | Depths:1 | Found a runed translucent gate.
 27591 | Depths:1 | Found a runed translucent gate.
 27694 | Depths:1 | Got a ruby-encrusted chain mail
 27878 | Depths:1 | Reached skill level 24 in Fighting
 28129 | Depths:2 | Found a runed translucent door.
 28130 | Depths:2 | Noticed Vypiut's ghost (veteran GrFi)
 28334 | Depths:1 | Found a gateway to Hell.
 28490 | Depths:2 | Killed Vypiut's ghost
 28847 | Depths:2 | Reached skill level 25 in Fighting
 28887 | Depths:2 | Found a one-way gate to the infinite horrors of the Abyss.
 28920 | Depths:2 | Identified Kelas's Collected Works on Shape Shifting
 28931 | Depths:2 | Identified the +9 plate armour "Zaem" {rF+} (You found it
                  | on level 2 of the Depths)
 28961 | Depths:2 | Identified the +1 chain mail "Akan" {-Tele Dex+7 SInv} (You
                  | found it on level 1 of the Depths)
 29234 | Depths:3 | Noticed a golden dragon
 29267 | Depths:3 | Killed a golden dragon
 29271 | Depths:3 | Reached XP level 24. HP: 241/241 MP: 23/25
 29281 | Depths:3 | Found Uvotref's General Store.
 29547 | Depths:4 | Reached skill level 26 in Fighting
 29726 | Depths:4 | Found a glowing silver altar of Zin.
 29778 | Depths:4 | Noticed a caustic shrike
 29778 | Depths:4 | Noticed a caustic shrike
 29778 | Depths:4 | Noticed a caustic shrike
 29778 | Depths:4 | Noticed a caustic shrike
 29778 | Depths:4 | Noticed a caustic shrike
 29790 | Depths:4 | Killed a caustic shrike
 29835 | Depths:3 | Found a gateway to a ziggurat.
 30262 | Depths:4 | Killed a caustic shrike
 30274 | Depths:4 | Killed a caustic shrike
 30283 | Depths:4 | Killed a caustic shrike
 30329 | Depths:4 | Found a bloodstained altar of Trog.
 30375 | Depths:4 | Found a shimmering altar of Xom.
 30420 | Depths:4 | Reached skill level 27 in Fighting
 30573 | Depths:4 | Killed a caustic shrike
 30636 | Depths:4 | Found a shadowy altar of Dithmenos.
 30722 | Depths:4 | Noticed a caustic shrike
 30722 | Depths:4 | Noticed a caustic shrike
 30723 | Depths:4 | Noticed a caustic shrike
 30724 | Depths:4 | Identified the +5 fire dragon scales "Reraol" {rF++ rC- MR+
                  | MP+9 Int+3 Dex+3}
 30724 | Depths:4 | Noticed a caustic shrike
 30749 | Depths:4 | Noticed a caustic shrike
 30859 | Depths:4 | Killed a caustic shrike
 30866 | Depths:4 | Killed a caustic shrike
 31138 | Depths:4 | Reached XP level 25. HP: 257/257 MP: 25/25
 31231 | Depths:4 | Reached skill level 15 in Armour
 31231 | Depths:4 | Reached skill level 15 in Dodging
 31753 | D:15     | Found a sparkling altar of Nemelex Xobeh.
 32340 | Lair:2   | You fall into a shaft and drop 1 floor!
 32751 | Lair:3   | Found a staircase to the Shoals.
 32792 | Shoals:1 | Entered Level 1 of the Shoals
 32829 | Shoals:2 | Noticed Jorgrun
 32840 | Shoals:2 | Killed Jorgrun
 32939 | Shoals:4 | Entered Level 4 of the Shoals
 33060 | Shoals:4 | Reached skill level 5 in Stealth
 33157 | Shoals:4 | Got a barnacled rune of Zot
 33388 | Shoals:4 | Found Ukeretse's Magic Scroll Shoppe.
 33445 | Shoals:4 | Bought a scroll of acquirement for 676 gold pieces
 33445 | Shoals:4 | Bought a scroll of enchant armour for 97 gold pieces
 33445 | Shoals:4 | Bought a scroll of magic mapping for 45 gold pieces
 33445 | Shoals:4 | Bought a scroll of magic mapping for 45 gold pieces
 33445 | Shoals:4 | Bought a scroll of summoning for 123 gold pieces
 34045 | Lair:5   | Got a heavily runed platinum ring
 34046 | Lair:5   | Identified the ring of Yffoul {*Corrode rPois rN+ MP+9
                  | Dex+7} (You acquired it on level 5 of the Lair of Beasts)
 34060 | Slime:1  | Entered Level 1 of the Pits of Slime
 34372 | Slime:4  | Reached XP level 26. HP: 252/264 MP: 25/25
 34402 | Slime:5  | Entered Level 5 of the Pits of Slime
 34453 | Slime:5  | Reached skill level 10 in Stealth
 34554 | Slime:5  | Noticed the Royal Jelly
 34621 | Slime:5  | Killed the Royal Jelly
 34812 | Slime:5  | Identified the cursed +1 plate armour of Uskayaw's
                  | Displeasure {rPois Str+7 Int+3 Stlth-} (You found it on
                  | level 5 of the Pits of Slime)
 34833 | Slime:5  | Got a slimy rune of Zot
 35480 | D:13     | Bought 2 potions of agility for 288 gold pieces
 35636 | Vaults:4 | Noticed Sojobo
 35680 | Vaults:4 | Killed Sojobo
 35709 | Vaults:5 | Entered Level 5 of the Vaults
 35970 | Vaults:5 | Reached XP level 27. HP: 273/273 MP: 25/25
 36031 | Vaults:5 | Got a silver rune of Zot
 36355 | Vaults:5 | Noticed an ancient lich
 36709 | Vaults:5 | Reached skill level 15 in Stealth
 36909 | Vaults:5 | Identified the cursed +3 lajatang of Kaptigite {drain, rN++
                  | SInv}
 36958 | Vaults:5 | Identified the Reference Book on Transmutation and the
                  | Escort
 36978 | Vaults:5 | Identified the cursed +1 chain mail of Qazlal's Pride
                  | {rElec Stlth+} (You found it on level 5 of the Vaults)
 37279 | Tomb:1   | Entered Level 1 of the Tomb of the Ancients
 37588 | Tomb:1   | Noticed a greater mummy
 37712 | Tomb:1   | Killed a greater mummy
 38586 | Hell     | Entered the Vestibule of Hell
 38586 | Hell     | Noticed Geryon
 38930 | Hell     | Killed Geryon
 39077 | Hell     | Found a gateway to the ashen valley of Gehenna.
 39089 | Geh:1    | Entered Level 1 of Gehenna
 39376 | Geh:2    | You fall into a shaft and drop 2 floors!
 39728 | Geh:5    | You fall into a shaft and drop 1 floor!
 40155 | Geh:7    | Entered Level 7 of Gehenna
 40632 | Geh:7    | Found the +8 mithril axe "Arga" {speed, MR+}
 40649 | Geh:7    | Identified Eleefrol's Catalogue of Glacial Talismans
 40653 | Geh:7    | Got a bound turquoise ring
 40678 | Geh:7    | Identified the ring of Tumodaff {Ice *Corrode Dex+5} (You
                  | found it on level 7 of Gehenna)
 40920 | Geh:7    | Identified the +7 sceptre of Asmodeus
 40920 | Geh:7    | Noticed Asmodeus
 40972 | Geh:7    | Killed Asmodeus
 41069 | Geh:7    | Got an obsidian rune of Zot
 41331 | Depths:5 | Entered Level 5 of the Depths
 41708 | Depths:5 | Found a gate to the Realm of Zot.
 42449 | Depths:3 | Found a one-way gate leading to the halls of Pandemonium.
 42465 | Pan      | Entered Pandemonium
 42870 | Depths:3 | Escaped Pandemonium
 42872 | Pan      | Entered Pandemonium
 42998 | Pan      | Noticed Juebbour the pandemonium lord
 43481 | Pan      | Noticed Titexa the pandemonium lord
 43508 | Pan      | Killed Titexa the pandemonium lord
 44185 | Pan      | Noticed Ritsip the pandemonium lord
 44209 | Pan      | Killed Ritsip the pandemonium lord
 45015 | Pan      | Entered the realm of Cerebov.
 45195 | Pan      | Identified Qibagh's Papyrus of Conjuration
 45227 | Pan      | Identified the +11 long sword "Fidopti" {antimagic, rC+
                  | rN+} (You found it in Pandemonium)
 45266 | Pan      | Identified Sufauch's Guide on Evil Confrontation
 45284 | Pan      | Identified the +6 sword of Cerebov {flame}
 45284 | Pan      | Noticed Cerebov
 45338 | Pan      | Killed Cerebov
 45380 | Pan      | Got a fiery rune of Zot
 45464 | Pan      | Entered the realm of Gloorx Vloq.
 45485 | Pan      | Identified the +8 large shield "Odide" {rF- rC+++ Str-5
                  | Stlth+}
 45485 | Pan      | Noticed Mennas
 45603 | Pan      | Noticed Gloorx Vloq
 45655 | Pan      | Killed Gloorx Vloq
 45720 | Pan      | Got a dark rune of Zot
 45953 | Pan      | Entered the realm of Mnoleg.
 46266 | Pan      | Noticed Mnoleg
 46320 | Pan      | Killed Mnoleg
 46411 | Pan      | Got a glowing rune of Zot
 46544 | Pan      | Entered the realm of Lom Lobon.
 46602 | Pan      | Found an exit through the horrors of the Abyss.
 46695 | Pan      | Noticed Lom Lobon
 46742 | Pan      | Killed Lom Lobon
 46772 | Pan      | Got a magical rune of Zot
 47135 | Pan      | Found a transporter.
 47135 | Pan      | Found a transporter.
 47135 | Pan      | Found a transporter.
 47136 | Pan      | Found a transporter.
 47271 | Pan      | Identified the amulet of Generosity {RegenMP Str+7} (You
                  | found it in Pandemonium)
 47274 | Pan      | Identified the +1 pair of gloves "Cawn" {*Slow rN+ Str+9
                  | Stlth-} (You found it in Pandemonium)
 47299 | Pan      | Found a transporter.
 47300 | Pan      | Found an exit through the horrors of the Abyss.
 47868 | Pan      | Noticed Juociota the pandemonium lord
 47919 | Pan      | Killed Juociota the pandemonium lord
 48080 | Pan      | Identified Titetwos's Incunabulum of the Mutagenic
                  | Mountains
 48139 | Pan      | Found an exit through the horrors of the Abyss.
 48278 | Pan      | Noticed Enwimive the pandemonium lord
 48309 | Pan      | Killed Enwimive the pandemonium lord
 48643 | Pan      | Noticed Biutixt the pandemonium lord
 48659 | Pan      | Killed Biutixt the pandemonium lord
 48965 | Pan      | Found a huge runed translucent gate.
 48966 | Pan      | Found a huge runed translucent gate.
 48967 | Pan      | Found a huge runed translucent gate.
 48967 | Pan      | Found a huge runed translucent gate.
 48967 | Pan      | Found a huge runed translucent gate.
 48967 | Pan      | Found a huge runed translucent gate.
 48968 | Pan      | Found a huge runed translucent gate.
 48986 | Pan      | Found an exit through the horrors of the Abyss.
 49122 | Pan      | Noticed Datza the pandemonium lord
 49267 | Pan      | Noticed Reluurphu the pandemonium lord
 49282 | Pan      | Killed Reluurphu the pandemonium lord
 49325 | Pan      | Found a runed translucent door.
 49329 | Pan      | Found a runed translucent door.
 49333 | Pan      | Found a runed translucent door.
 49337 | Pan      | Noticed Kimpenesh the pandemonium lord
 49339 | Pan      | Found a runed translucent door.
 49367 | Pan      | Killed Kimpenesh the pandemonium lord
 49547 | Pan      | Noticed Jaomuecw the pandemonium lord
 49575 | Pan      | Killed Jaomuecw the pandemonium lord
 49736 | Pan      | Got a demonic rune of Zot
 50122 | Pan      | Noticed Dekin the pandemonium lord
 50138 | Pan      | Killed Dekin the pandemonium lord
 50294 | Pan      | Noticed Tiuf the pandemonium lord
 50329 | Pan      | Killed Tiuf the pandemonium lord
 50419 | Pan      | Found an exit through the horrors of the Abyss.
 50427 | Pan      | Took an exit into the Abyss.
 50427 | Abyss:1  | Escaped into the Abyss
 50512 | Abyss:1  | Identified the cursed +0 scimitar of Dim Light {freeze,
                  | *Contam *Slow rPois Dex+9} (You found it on level 1 of the
                  | Abyss)
 50554 | Abyss:2  | Found a corrupted altar of Lugonu.
 50942 | Abyss:3  | Found a runed translucent door.
 50943 | Abyss:3  | Found a runed translucent door.
 50943 | Abyss:3  | Found a runed translucent door.
 50943 | Abyss:3  | Found a runed translucent door.
 50943 | Abyss:3  | Found a runed translucent door.
 50943 | Abyss:3  | Found a runed translucent door.
 50948 | Abyss:3  | Found a runed translucent door.
 50950 | Abyss:3  | Found a runed translucent door.
 51016 | Abyss:3  | Found a runed translucent door.
 51022 | Abyss:3  | Found a runed translucent door.
 51052 | Abyss:3  | Noticed an ancient lich
 51065 | Abyss:3  | Killed an ancient lich
 51185 | Abyss:3  | Got an abyssal rune of Zot
 51228 | Abyss:4  | Found a corrupted altar of Lugonu.
 51234 | Depths:3 | Escaped the Abyss
 51316 | Hell     | Found a gateway to the decaying netherworld of Tartarus.
 51352 | Hell     | Found a gateway to the Iron City of Dis.
 51362 | Dis:1    | Entered Level 1 of the Iron City of Dis
 51649 | Dis:2    | Reached skill level 5 in Evocations
 52484 | Dis:7    | Entered Level 7 of the Iron City of Dis
 52664 | Dis:7    | Found a huge runed gate.
 52664 | Dis:7    | Found a huge runed gate.
 52977 | Dis:7    | Found the +8 demon trident "Rift" {distort, reach+}
 53106 | Dis:7    | Got a warped wooden ring
 53107 | Dis:7    | Identified the cursed ring "Faochuarr" {rN+ Dex-2} (You
                  | found it on level 7 of the Iron City of Dis)
 53149 | Dis:7    | Got a glittering lapis lazuli ring
 53150 | Dis:7    | Identified the ring of Gydduph {Ice rN+} (You found it on
                  | level 7 of the Iron City of Dis)
 53194 | Dis:7    | Noticed the Serpent of Hell
 53214 | Dis:7    | Killed the Serpent of Hell
 53303 | Dis:7    | Identified the Disquisition on Displacement and the
                  | Volcanoes
 53409 | Dis:7    | Identified the +4 staff of Dispater
 53409 | Dis:7    | Noticed Dispater
 53425 | Dis:7    | Got an iron rune of Zot
 53539 | Zig:1    | Entered Level 1 of a ziggurat
 53539 | Zig:1    | Noticed Wosuimy the pandemonium lord
 53556 | Zig:1    | Killed Wosuimy the pandemonium lord
 53564 | Zig:2    | Entered Level 2 of a ziggurat
 53584 | Zig:3    | Entered Level 3 of a ziggurat
 53610 | Zig:3    | Identified Qicoidgh's Incunabulum of Clay and Flight
 53617 | Zig:4    | Entered Level 4 of a ziggurat
 53617 | Zig:4    | Noticed a greater mummy
 53648 | Zig:4    | Killed a greater mummy
 53711 | Zig:4    | Noticed a greater mummy
 53713 | Zig:4    | Noticed a greater mummy
 53742 | Zig:5    | Entered Level 5 of a ziggurat
 53791 | Zig:5    | Identified the +2 chain mail "Memm" {rPois Str+3} (You
                  | found it on level 5 of a ziggurat)
 53802 | Zig:6    | Entered Level 6 of a ziggurat
 53868 | Zig:7    | Entered Level 7 of a ziggurat
 53937 | Zig:7    | Got a sparkling turquoise ring
 53938 | Zig:7    | Identified the cursed ring of Cas Haor {rPois rF+ Str-3
                  | Dex+3} (You found it on level 7 of a ziggurat)
 53942 | Zig:8    | Entered Level 8 of a ziggurat
 53973 | Zig:8    | Reached skill level 10 in Evocations
 54027 | Zig:8    | Got a shimmering pewter ring
 54028 | Zig:8    | Identified the ring of Firpheuza {rN+ AC+2} (You found it
                  | on level 8 of a ziggurat)
 54032 | Zig:9    | Entered Level 9 of a ziggurat
 54171 | Zig:9    | Identified Sif Muna's Collected Works on Boosting
                  | Orientation
 54177 | Zig:9    | Identified the Collected Works on Weightlessness and
                  | Confrontation
 54182 | Zig:10   | Entered Level 10 of a ziggurat
 54182 | Zig:10   | Noticed an ancient lich
 54197 | Zig:10   | Noticed a juggernaut
 54215 | Zig:10   | Killed a juggernaut
 54367 | Zig:10   | Found the +5 robe of Misfortune {*Contam Harm *Corrode
                  | *Drain *Slow EV+5}
 54391 | Zig:10   | Identified the Papyrus of Enthralling Poison
 54404 | Zig:11   | Entered Level 11 of a ziggurat
 54497 | Zig:11   | Identified Muofuoc's Reference Book on Augmentations and
                  | Arcane Weapons
 54504 | Zig:11   | Got a glittering bone ring
 54508 | Zig:11   | Got a clouded turquoise ring
 54528 | Zig:11   | Identified the ring of the Komtur {Ice rElec} (You found it
                  | on level 11 of a ziggurat)
 54529 | Zig:11   | Identified the ring of Desertification {Fire Int+5} (You
                  | found it on level 11 of a ziggurat)
 54536 | Zig:12   | Entered Level 12 of a ziggurat
 54711 | Zig:12   | Identified the Reference Book on Bewitchment and Summoning
 54729 | Depths:3 | Bought a potion of curing for 72 gold pieces
 55123 | Tomb:1   | Noticed a greater mummy
 55125 | Tomb:1   | Noticed a greater mummy
 55125 | Tomb:1   | Noticed a greater mummy
 55126 | Tomb:1   | Noticed a greater mummy
 55141 | Tomb:1   | Killed a greater mummy
 55154 | Tomb:1   | Killed a greater mummy
 55171 | Tomb:1   | Noticed a greater mummy
 55173 | Tomb:1   | Noticed a greater mummy
 55175 | Tomb:1   | Noticed a greater mummy
 55178 | Tomb:1   | Noticed a greater mummy
 55184 | Tomb:1   | Killed a greater mummy
 55256 | Tomb:1   | Killed a greater mummy
 55301 | Tomb:1   | Killed a greater mummy
 55331 | Tomb:1   | Killed a greater mummy
 55382 | Tomb:2   | Noticed a greater mummy
 55392 | Tomb:2   | Noticed an ancient lich
 55396 | Tomb:2   | Killed a greater mummy
 55402 | Tomb:2   | Noticed a greater mummy
 55403 | Tomb:2   | Noticed a greater mummy
 55413 | Tomb:2   | Killed an ancient lich
 55546 | Tomb:2   | Killed a greater mummy
 55623 | Tomb:2   | Paralysed by the power of Zot for 3 turns
 55878 | Tomb:3   | Entered Level 3 of the Tomb of the Ancients
 55889 | Tomb:3   | Noticed a greater mummy
 55889 | Tomb:3   | Noticed a greater mummy
 55890 | Tomb:3   | Noticed Mara
 55893 | Tomb:3   | Noticed Dustman's illusion
 55901 | Tomb:3   | Noticed a greater mummy
 55921 | Tomb:3   | Killed a greater mummy
 55928 | Tomb:3   | Noticed a greater mummy
 55951 | Tomb:3   | Killed a greater mummy
 55967 | Tomb:2   | Killed a greater mummy
 56024 | Tomb:3   | Noticed a greater mummy
 56027 | Tomb:3   | Noticed a greater mummy
 56027 | Tomb:3   | Noticed a greater mummy
 56027 | Tomb:3   | Noticed a greater mummy
 56035 | Tomb:3   | Noticed a greater mummy
 56052 | Tomb:3   | Noticed Dustman's illusion
 56060 | Tomb:3   | Killed Mara
 56084 | Tomb:3   | Killed a greater mummy
 56095 | Tomb:3   | Killed a greater mummy
 56119 | Tomb:3   | Killed a greater mummy
 56486 | Tomb:3   | Killed a greater mummy
 56496 | Tomb:3   | Killed a greater mummy
 56574 | Tomb:3   | Killed a greater mummy
 56641 | Tomb:3   | Got a heavily runed wooden ring
 56644 | Tomb:3   | Identified Comefes's Papyrus of Attacks
 56646 | Tomb:3   | Identified the Guide on the Warped Birds
 56680 | Tomb:3   | Identified the ring of Rarot Lec {Wiz rElec rPois MP+9}
                  | (You found it on level 3 of the Tomb of the Ancients)
 56720 | Tomb:3   | Got a golden rune of Zot
 56825 | Tomb:3   | Identified the Disquisition on the Snowflakes
 57362 | Hell     | Found a gateway to the freezing wastes of Cocytus.
 57375 | Coc:1    | Entered Level 1 of Cocytus
 57836 | Coc:4    | You fall into a shaft and drop 2 floors!
 57850 | Coc:7    | Entered Level 7 of Cocytus
 58240 | Coc:7    | Noticed Antaeus
 58297 | Coc:7    | Killed Antaeus
 58384 | Coc:7    | Got an icy rune of Zot
 58613 | Tar:1    | Entered Level 1 of Tartarus
 59681 | Tar:6    | You fall into a shaft and drop 1 floor!
 59681 | Tar:7    | Entered Level 7 of Tartarus
 59886 | Tar:7    | Got a translucent turquoise ring
 59889 | Tar:7    | Identified the ring of Puesoi {MR+ AC+2} (You found it on
                  | level 7 of Tartarus)
 60243 | Tar:7    | Identified the Disquisition on Darkness and Augmentations
 60331 | Tar:7    | Noticed Ereshkigal
 60392 | Tar:7    | Killed Ereshkigal
 60431 | Tar:7    | Got a bone rune of Zot
 60446 | Tar:7    | Identified the cursed -3 pair of gloves "Rogreal" {Dex+2}
                  | (You found it on level 7 of Tartarus)
 60578 | Zot:1    | Entered Level 1 of the Realm of Zot
 60820 | Zot:5    | Entered Level 5 of the Realm of Zot
 61010 | Zot:5    | Noticed an ancient lich
 61010 | Zot:5    | Noticed an orb of fire
 61026 | Zot:5    | Killed an orb of fire
 61026 | Zot:5    | Reached skill level 15 in Evocations
 61032 | Zot:5    | Killed an ancient lich
 61032 | Zot:5    | Noticed an ancient lich
 61042 | Zot:5    | Killed an ancient lich
 61052 | Zot:5    | Noticed an orb of fire
 61056 | Zot:5    | Noticed an ancient lich
 61060 | Zot:5    | Noticed an ancient lich
 61064 | Zot:5    | Noticed an orb of fire
 61064 | Zot:5    | Killed an orb of fire
 61071 | Zot:5    | Noticed an orb of fire
 61071 | Zot:5    | Killed an ancient lich
 61077 | Zot:5    | Killed an ancient lich
 61089 | Zot:5    | Killed an orb of fire
 61098 | Zot:5    | Killed an orb of fire
 61254 | Zot:5    | Noticed an orb of fire
 61256 | Zot:5    | Noticed an orb of fire
 61256 | Zot:5    | Noticed an ancient lich
 61265 | Zot:5    | Killed an ancient lich
 61268 | Zot:5    | Killed an orb of fire
 61271 | Zot:5    | Noticed an ancient lich
 61278 | Zot:5    | Killed an orb of fire
 61290 | Zot:5    | Killed an ancient lich
 61297 | Zot:5    | Noticed an ancient lich
 61328 | Zot:5    | Killed an ancient lich
 61364 | Zot:5    | Noticed an ancient lich
 61369 | Zot:5    | Noticed an ancient lich
 61373 | Zot:5    | Killed an ancient lich
 61395 | Zot:5    | Killed an ancient lich
 61497 | Zot:5    | Got the Orb of Zot
 61800 | Depths:1 | Noticed Oruehico the pandemonium lord
 62082 | D:1      | Noticed Gudghyciwk the pandemonium lord
 62093 | D:1      | Killed Gudghyciwk the pandemonium lord
 62133 | D:1      | Noticed Jiozuugaka the pandemonium lord
 62187 | D:1      | Killed Jiozuugaka the pandemonium lord
 62220 | D:1      | Noticed Komir the pandemonium lord
 62242 | D:1      | Killed Komir the pandemonium lord
 62312 | D:$      | Escaped with the Orb!

Levels and vault maps discovered:
D:1:      dpeg_arrival_orchard, layout_loops_cross, ashenzari_altar_1
D:2:      layout_loops_cross
D:3:      layout_loops_cross, biasface_ghost_orc_armoury, grunt_ministairs_7
D:4:      layout_loops_ring, marbit_many_paths, lemuel_temple_firewalk_b,
          first_ration, ebering_dispersal_statue_hall, sigmund_army,
          uniq_eustachio, uniq_sigmund
D:5:      cheibrodos_fzero, layout_loops_ring, kiku_gazebo_pond_becter
D:6:      layout_loops_corners, cheibriados_altar_1, hangedman_decor_points,
          glass_columns_b
D:7:      layout_basic, kennysheep_mini, grunt_ogre_cave
D:8:      minmay_opposing_rooms, layout_loops_ring, enter_bailey_2,
          bh_walls_and_bars
D:9:      hangedman_cross_stitches, layout_long_grid, erik_lair_dragon,
          bloody_trog, uniq_gastronok
D:10:     layout_roguey [special_room_kobold]
D:11:     layout_rooms, xom_shifter_show
D:12:     lemuel_castle_with_subvaults [lemuel_castle_interior_original],
          layout_stronghold, orc_0_dummy, serial_shops, shop
D:13:     layout_roguey, david_vaults_1, serial_shops, shop
D:14:     layout_roguey
D:15:     grunt_enter_depths_hoard, layout_long_grid,
          minmay_misc_feat_diagonals, nemelex_diamond_rough_becter, uniq_kirke
Temple:   dpeg_five_rooms_temple
Lair:1:   layout_roguey, uniq_joseph
Lair:2:   layout_regular_city, gauntlet_entry_generic, ice2_lemuel
Lair:3:   layout_regular_city, minmay_shoals_entry_beasts, gammafunk_ghost_icy
Lair:4:   layout_hall_layers, spider_nest_entry_web_field, uniq_josephine
Lair:5:   beast_lair_carwin_large_2, layout_concentric_octagons, slime_altar_1,
          chequers_serial_rivers_marsh, uniq_urug
Lair:6:   minmay_lair_end_enchanted_forest, layout_hall_layers,
          nicolae_volcano_entry_batcave, cheibrodos_lair_lostbears
Shoals:1: layout_shoals, serial_shops, nicolae_shop_trees,
          dpeg_stationary_puzzle
Shoals:2: layout_shoals, nicolae_shoals_seven_spires, uniq_aizul, uniq_jorgrun
Shoals:3: layout_shoals
Shoals:4: shoals_end_simple, layout_shoals, serial_shops, shop
Spider:1: layout_chambers, minivault_29
Spider:2: layout_spider_delve
Spider:3: layout_spider_delve, nicolae_arachne_temple, uniq_donald,
          uniq_asterion
Spider:4: spider_rune_water
Slime:1:  layout_caves
Slime:2:  layout_caves, nicolae_slime_welcoming_committee
Slime:3:  layout_caves
Slime:4:  layout_caves
Slime:5
Orc:1:    layout_diamond_mine
Orc:2:    st_orc_ogre_mass, layout_caves
Elf:1:    eino_elf_arrival_customs, layout_geoelf_diagonals, serial_shops, shop,
          gammafunk_ghost_grave, minmay_elf_sorcery, grunt_megastairs_3
Elf:2:    layout_rooms
Elf:3:    grunt_elf_hall_asides, layout_gridlike, grunt_megastairs_1
Vaults:1: vaults_dpeg_diagonal, hangedman_vaults_stream,
          hangedman_vaults_variations, st_lattice, v_misc_28,
          vaults_standard_mumra_lines, vaults_mumra_minichess,
          nicolae_vaults_shelves_hall, nicolae_vaults_little_squares_1,
          vaults_room_hallway, v_misc_14, nicolae_vaults_big_angled_halls,
          vaults_room_pool, vaults_dpeg_ring, ontoclasm_vaults_twist,
          layout_vaults_ring
Vaults:2: grunt_vaults_funnel, serial_ice_h, v_alt_pattern_1, vaults_room_pools,
          nicolae_vaults_asterisk, v_rooms_6, ontoclasm_vaults_shuriken,
          nicolae_vaults_mini_display_case, layout_vaults_quadrants,
          serial_shops, nicolae_shop_behind_doors
Vaults:3: v_misc_32, minmay_crypt_entry_simple_corners, hangedman_vaults_locks,
          v_pattern_2, vaults_room_corners, v_misc_28, v_alt_pattern_5,
          v_alt_pattern_3, st_cells, vaults_room_pools, vaults_dpeg_spiral,
          vaults_room_grid, layout_vaults_maze_snakey, serial_shops, shop,
          basic_altar
Vaults:4: hangedman_vaults_stitches, nicolae_vaults_little_squares_2,
          grunt_vaults_trifunnel, nicolae_vaults_network_quincunx
          [nicolae_vaults_network_quincunx_subvault,
          nicolae_vaults_network_quincunx_subvault,
          nicolae_vaults_network_quincunx_subvault,
          nicolae_vaults_network_quincunx_subvault,
          nicolae_vaults_network_quincunx_subvault], vaults_dpeg_cross,
          vaults_dpeg_doors, ontoclasm_vaults_eye, grunt_vaults_focal,
          nicolae_vaults_network_barrier, nicolae_vaults_ring_of_whatevers,
          v_misc_27, layout_vaults_big_cross, uniq_sojobo, uniq_jory
Vaults:5: serial_shops
Crypt:1:  layout_chaotic_city, grunt_crypt_arrival_split
Crypt:2:  layout_basic, gammafunk_ghost_necromancy,
          nrook_guardian_serpent_ordinary
Crypt:3:  evilmike_haunted_forest
Tomb:1
Tomb:2
Tomb:3:   uniq_mara
Depths:1: layout_cave_pools, hangedman_abyss_or_decor_jellyfish_corner,
          grunt_mini_vestibule, minivault_16, kennysheep_crisscross,
          pandoras_box_mu, serial_bayou_shore_b
Depths:2: minmay_strange_plus, layout_cave_shapes, minmay_misc_feat_tiny,
          grunt_hell_entry_dis_mu, abyss_entry, ebering_ghost_inner_flame
Depths:3: kennysheep_ambush_hall, layout_small_grid, enter_ziggurat_a,
          serial_shops, shop, grunt_pan_entry_in_and_out,
          pf_hell_entry_tar_spiral, skrybe_limestone_x,
          minmay_staircase_statues_hall_small, serial_bayou_shore_a
Depths:4: grunt_profane_halls [grunt_profane_temple_geh,
          grunt_profane_temple_coc, grunt_profane_temple_dis,
          grunt_profane_temple_tar, grunt_profane_loot], hell_entry, abyss_entry
Depths:5: grunt_zot_entry_funnels, layout_basic, hell_entry,
          serial_sigils_hangedman_snap, item_on_display_a, serial_bayou_shore_b
Hell
Dis:1:    layout_subdivisions
Dis:2:    grunt_deathspiral_small, layout_overlapping_boxes
Dis:3:    layout_jigsaw
Dis:4:    kennysheep_iron_temple, layout_gridville
Dis:5:    layout_chaotic_city
Dis:6:    layout_jigsaw
Dis:7:    iron_city_of_dis [dis_old, dis_wall_1], layout_chaotic_city,
          door_vault
Geh:1:    layout_gehenna_pools_box, lemuel_old_faithful
Geh:2:    layout_gehenna_pools_triple
Geh:4:    layout_gehenna_lava_caves
Geh:5:    layout_gehenna_pools_triple
Geh:6:    layout_gehenna_pools_box
Geh:7:    evilmike_geh
Coc:1:    layout_cocytus_water_paths
Coc:2:    layout_ice_bergs
Coc:3:    layout_ice_bergs
Coc:4:    layout_cocytus_water_paths
Coc:6:    layout_ice_bergs
Coc:7:    coc_mu
Tar:1:    minmay_shadows, layout_grid_maze
Tar:2:    layout_grid_maze
Tar:3:    layout_grid_maze, nicolae_tar_cuneiform_bread
Tar:4:    layout_honeycomb, nicolae_tar_cuneiform_water
Tar:5:    layout_grid_maze
Tar:6:    layout_catacombs, nicolae_tar_cuneiform_city
Tar:7:    tar_minmay_river
Zot:1:    layout_concentric_octagons
Zot:2:    layout_onion_interference, grunt_ministairs_11,
          hangedman_zot_decor_scrapings, st_stairs_9, grunt_megastairs_5
Zot:3:    layout_concentric_octagons
Zot:4:    kennysheep_six_static_rooms, layout_gridville, guppyfry_library_mini
Zot:5:    layout_basic

Skill      XL: |  1  2  3  4  5  6  7  8  9 10 11 12 13 14 15 16 17 18 19 20 21 22 23 24 25 26 27 |
---------------+----------------------------------------------------------------------------------+-----
Long Blades    | 3 4 5 6 8 9 10 11 12 14 15 16 26 | 26.9
Throwing       | 2 3 4 |  4.0
Dodging        | 3 4 5 6 7 9 10 11 12 13 14 16 17 26 | 26.9
Armour         | 1 2 3 4 5 6 7 8 10 11 12 13 14 16 21 | 21.4
Fighting       | 3 4 5 7 9 10 11 12 13 14 15 16 17 18 19 20 23 25 27 | 27.0
Shields        | 3 5 7 8 9 10 11 12 13 14 16 26 | 26.9
Evocations     | 2 4 16 | 16.0
Invocations    | 2 4 |  4.0
Stealth        | 2 4 9 13 20 | 20.0

Action                   |  1- 3 |  4- 6 |  7- 9 | 10-12 | 13-15 | 16-18 | 19-21 | 22-24 | 25-27 || total
-------------------------+-------+-------+-------+-------+-------+-------+-------+-------+-------++-------
Melee: Long sword        |    96 |    95 |   463 |   527 |       |    26 |       |       |    36 ||  1243
       Scimitar          |       |       |       |   473 |  1396 |  1906 |   194 |       |       ||  3969
       Double sword      |       |       |       |       |       |       |  1689 |  1898 | 10609 || 14196
Throw: Throwing net      |       |       |     1 |       |       |       |       |       |     7 ||     8
       Javelin           |       |       |       |       |       |       |       |       |     5 ||     5
Invok: Lesser Servant of |       |       |       |       |     1 |    12 |     2 |     3 |       ||    18
Evoke: Wand              |       |     4 |    15 |    35 |    33 |    22 |     8 |     5 |    26 ||   148
       Sack of spiders   |       |       |       |       |       |       |       |       |    15 ||    15
       Phantom mirror    |       |       |       |       |       |       |       |       |    10 ||    10
       Box of beasts     |       |       |       |       |       |       |       |       |     5 ||     5
       Lamp of fire      |       |       |       |       |       |       |       |       |     3 ||     3
       Phial of floods   |       |       |       |       |       |       |       |       |     2 ||     2
  Use: Scroll            |       |       |     5 |    11 |    10 |     7 |     8 |    10 |    96 ||   147
       Potion            |       |       |     5 |     4 |     5 |     2 |     1 |     6 |    49 ||    72
 Stab: Confused          |       |       |       |     3 |     8 |     1 |       |     5 |     3 ||    20
       Distracted        |       |       |       |     1 |       |       |     3 |     2 |    48 ||    54
       Sleeping          |       |       |       |       |       |     1 |     3 |     1 |    86 ||    91
       Petrified         |       |       |       |       |       |       |       |       |    11 ||    11
       Invisible         |       |       |       |       |       |       |       |       |    20 ||    20
       Held in net/web   |       |       |       |       |       |       |       |       |    13 ||    13
       Petrifying        |       |       |       |       |       |       |       |       |     2 ||     2
       Paralysed         |       |       |       |       |       |       |       |       |     2 ||     2
  Eat: Chunk             |    11 |     9 |    53 |    57 |    57 |    71 |    26 |    31 |   254 ||   569
       Ration            |       |       |       |       |       |       |       |       |    13 ||    13
Armor: Leather armour    |    32 |     3 |       |       |       |       |       |       |       ||    35
       Ring mail         |       |    40 |    91 |       |       |       |       |       |       ||   131
       Skin              |       |       |     1 |       |       |       |       |       |       ||     1
       Scale mail        |       |       |    55 |   203 |   400 |   369 |   218 |       |       ||  1245
       Plate armour      |       |       |    33 |    14 |       |       |       |       |       ||    47
       Fire dragon scale |       |       |       |       |       |       |       |   291 |  1700 ||  1991
Dodge: Dodged            |    76 |    70 |   304 |   312 |   996 |  1200 |  1062 |  1256 |  8449 || 13725
Block: Shield            |       |       |    43 |   600 |  1104 |  1575 |  1645 |  1728 |  6306 || 13001
       Reflection        |       |       |       |       |     2 |    75 |    52 |   111 |   260 ||   500
       Large shield      |       |       |       |       |       |       |       |       |  8094 ||  8094
       Rpst.: Long sword |    24 |    23 |    90 |    50 |       |     1 |       |       |     2 ||   190
       Scimitar          |       |       |       |    39 |   193 |   298 |    17 |       |       ||   547
       Double sword      |       |       |       |       |       |       |   192 |   244 |  1366 ||  1802
